 Dungeon Crawl Stone Soup version bcrawl-1.41.1 (webtiles) character file.

Game seed: 13646699318230200389

292353 Grimmash the Cudgeler (level 10, -3/59 HPs)
             Began as a Skeleton Archaeologist on Apr 18, 2024.
             Was a Priest of Cheibriados.
             Slain by Erica
             ... wielding a +3 scimitar of flaming
              (8 damage)
             ... on level 8 of the Dungeon.
             The game lasted 00:14:48 (9892 turns).

Grimmash the Cudgeler (Skeleton Archaeologist)      Turns: 9892, Time: 00:14:49

Health: -3/59      AC: 20    Str: 32      XL:     10   Next: 63%
Magic:  0/19       EV: 10    Int: 26      God:    Cheibriados [***...]
Gold:   536        SH: 16    Dex: 14 (15) Spells: 18/21 levels left

rFire    . . .     GDR:     32% a - +4 broad axe (flame)
rCold    + + .     SeeInvis .   s - +1 medium shield
rNeg     + + +     Gourm    .   r - +7 chain mail of the Gravedigger {rElec Int+2}
rPois    ∞         Faith    .   d - +1 hat
rElec    +         Spirit   +   (no cloak)
rCorr    .         Reflect  +   (no gloves)
MR       +....     Clarity  +   e - +1 pair of boots
Stlth    +.........             y - +4 amulet of reflection
HPRegen  0.19/turn              q - +6 ring of strength
MPRegen  0.16/turn              x - ring of protection from cold

@: very slow
A: no food or potions, cold resistance 1, deterioration 1, negative energy
resistance 3, powered by death 1, torment resistance, unbreathing, magic shield,
sturdy frame 2, spell healing
a: Bend Time, Defer, Temporal Distortion, Renounce Religion


You were on level 8 of the Dungeon.
You worshipped Cheibriados.
Cheibriados was most pleased with you.
You were not hungry.

You visited 2 branches of the dungeon, and saw 9 of its levels.

You collected 1850 gold pieces.
You spent 1314 gold pieces at shops.

Inventory:

Hand Weapons
 a - a +4 broad axe of flaming (weapon)
 b - a +0 fustibalus
 m - a +0 blowgun
 t - a +1 dagger of venom
Missiles
 c - 150 javelins
 l - 92 poisoned needles
 n - 98 needles of confusion
 o - 177 poisoned tomahawks (quivered)
 v - 1143 sling bullets
Armour
 d - a +1 hat (worn)
 e - a +1 pair of boots (worn)
 h - a +4 scale mail of fire resistance
 r - the +7 chain mail of the Gravedigger (worn) {rElec Int+2}
   (You bought it in a shop on level 5 of the Dungeon)

   It affects your intelligence (+2).
   It insulates you from electricity.
 s - a +1 medium shield (worn)
Jewellery
 p - an uncursed amulet of regeneration
 q - a +6 ring of strength (left hand)
 x - a ring of protection from cold (right hand)
 y - a +4 amulet of reflection (around neck)
Wands
 u - a wand of flame (21)
 w - a wand of polymorph (1)
Scrolls
 f - 2 scrolls of remove curse
 g - 3 scrolls of revelation
 i - 2 scrolls of identify
 j - a scroll of fog
 k - a scroll of teleportation


   Skills:
 * Level 5.3 Fighting
 + Level 3.3 Short Blades
 * Level 5.2(7.0) Axes
   Level 7.1(7.9) Maces & Flails
 * Level 3.4(3.6) Slings
 + Level 0.8(1.8) Throwing
 * Level 7.1 Armour
 * Level 6.1 Dodging
 + Level 4.2 Stealth
 * Level 5.4 Shields
 * Level 6.3 Spellcasting
 * Level 4.6 Necromancy
 * Level 3.1 Invocations


You had 18 spell levels left.
You knew the following spells:

 Your Spells              Type           Power        Failure   Level  Hunger
a - Vampiric Draining     Necr           ####......   54%         3    N/A

Your spell library contained the following spells:

 Spells                   Type           Power        Failure   Level  Hunger
 Necrotize                Necr           ####..       22%         1    N/A
 Infusion                 Chrm           #.......     82%         1    N/A
 Song of Slaying          Chrm           #.......     91%         2    N/A
 Swiftness                Chrm/Air       #.......     91%         2    N/A
 Agony                    Necr           ####....     91%         4    N/A
 Animate Dead             Necr           N/A          91%         4    N/A
 Ozocubu's Armour         Chrm/Ice       #.......     99%         3    N/A
 Spectral Weapon          Hex/Chrm       #.......     99%         3    N/A
 Dispel Undead            Necr           ####....     99%         5    N/A
 Regeneration             Chrm/Necr      Unusable     N/A         3    N/A

Dungeon Overview and Level Annotations

Branches:
Dungeon (8/12)             Temple (1/1) D:4            Lair (0/6) D:7
    Orc: D:8-11

Altars:
Ashenzari
Cheibriados
Dithmenos
Gozag
Hepliaklqana
Kikubaaqudgha
Lugonu
Makhleb
Nemelex Xobeh
Okawaru
Qazlal
Ru
Sif Muna
Trog
Uskayaw
Vehumet
Wu Jian
Xom
Yredelemnul

Shops:
D:4 =   D:5 [   D:6 :

Annotations:
D:8 Erica


Innate Abilities, Weirdness & Mutations

You do not eat or drink.
You are immune to poison.
Your flesh is cold resistant. (rC+)
Your body sometimes deteriorates upon taking damage.
You are immune to negative energy. (rN+++)
You regenerate a little health from kills.
You are immune to unholy pain and torment.
You can survive without breathing.
When hurt, damage is shared between your health and your magic reserves.
Your movements are less encumbered by armour. (ER -4)
Casting spells heals you.


Message History

You can't drink.
Unknown command.
As you read the scroll of fear, it crumbles to dust.
You assume a fearsome visage.
You block Erica's attack.
Erica hits you with a +3 scimitar of flaming!
* * * LOW HITPOINT WARNING * * *
Erica burns you.
* * * LOW HITPOINT WARNING * * *
No path to travel!
No path to travel!
Okay, then.
You can't drink.
Unknown command.
Evoke which item? (* to show all) (? for menu, Esc to quit)
Aiming: Polymorph
Press: ? - help, Shift-Dir - straight line, f/p - Erica
Aim: Erica, wielding a +3 scimitar of flaming, wearing a +1 robe and carrying a wand of iceblast (10) (heavily wounded, berserk, fast, unusually strong, poisoned, unusually resistant, chance to defeat MR: 17%) Erica resists with almost no effort.
Erica hits you with a +3 scimitar of flaming!
You die...

#+#### ########......
########..... .......
#....#.#.#.# .......
####..........###.......
#..........†............
#.......%........@.....<
#..#............@.......
#..#...............'..#.
#...........#..#..#....#
#
#>..))#######.#.#)....##
# #....## #.##.....## #
#...## #.# ..#..# #
#...## #.# .#.## #
#....########.# .#.# #
#.............###.#.#
#####


You could see Erica (berserk).

Vanquished Creatures
  A catoblepas (D:8)
  A death knight (D:7)
  Pikel (D:7)
  A freezing wraith (D:8)
  2 trolls
  A hippogriff (D:6)
  A meliai zombie (D:8)
  Sigmund (D:3)
  2 wargs (D:7)
  2 water moccasins
  Duvessa (D:7)
  2 orc warriors
  2 sky beasts
  2 phantoms
  2 necrophages (D:7)
  3 slaves (D:7)
  2 ogres
  Blork the orc (D:5)
  4 bullfrogs
  A centaur (D:6)
  Dowan (D:7)
  A wyvern skeleton (D:8)
  A wight (D:6)
  A vampire bat (D:4)
  A howler monkey (D:5)
  5 orc priests
  3 crimson imps
  3 hounds (D:6)
  2 jellies
  5 orc wizards
  A bullfrog skeleton (D:5)
  3 iguanas
  5 worker ants
  Ijyb (D:3)
  A hound zombie (D:5)
  A hound skeleton (D:4)
  2 worker ant zombies
  Robin (D:3)
  4 gnolls
  12 adders
  2 shadow imps (D:6)
  3 oozes
  5 worms
  3 dart slugs (D:2)
  2 leopard geckos
  39 orcs
  A ball python (D:2)
  8 giant cockroaches
  15 goblins
  11 hobgoblins
  4 jackals
  6 quokkas
  19 bats
  6 frilled lizards
  10 kobolds
  5 rats
226 creatures vanquished.

Notes
Turn   | Place    | Note
-------+----------+-------------------------------------------
     0 | D:1      | Grimmash the Skeleton Archaeologist began the quest for the
                  | Orb.
     0 | D:1      | Reached XP level 1. HP: 12/12 MP: 1/1
     7 | D:1      | Noticed a water moccasin
     7 | D:1      | Noticed a swamp drake
     7 | D:1      | Noticed a polar bear
     7 | D:1      | Noticed a swamp worm
     7 | D:1      | Noticed a wolf
   195 | D:1      | Reached XP level 2. HP: 16/16 MP: 2/2
   466 | D:1      | Reached skill level 1 in Spellcasting
   466 | D:1      | Reached XP level 3. HP: 20/20 MP: 2/4
  1129 | D:2      | Reached XP level 4. HP: 25/25 MP: 4/6
  1219 | D:2      | Reached skill level 1 in Armour
  2225 | D:3      | Reached XP level 5. HP: 28/30 MP: 7/7
  2225 | D:3      | Identified a scroll of acquirement
  2230 | D:3      | Identified the +3 lajatang of Wu Jian's Generosity {slice,
                  | *Drain rElec Str+2 Dex+3} (You acquired it on level 3 of
                  | the Dungeon)
  2230 | D:3      | Identified the ring of Wogeump {*Drain +Fly MR+ SInv} (You
                  | acquired it on level 3 of the Dungeon)
  2285 | D:3      | Noticed a phantom
  2371 | D:3      | HP: 1/29 [phantom (1)]
  2377 | D:3      | Killed a phantom
  2378 | D:3      | Reached skill level 1 in Short Blades
  2513 | D:3      | Gained mutation: You regenerate a little health from kills.
                  | [Skeleton growth]
  2513 | D:3      | Reached XP level 6. HP: 14/35 MP: 3/9
  2780 | D:3      | Noticed Sigmund
  2784 | D:3      | Noticed Robin
  2851 | D:3      | Killed Robin
  3257 | D:3      | Noticed Ijyb
  3267 | D:3      | Killed Sigmund
  3280 | D:3      | HP: 1/36 [Ijyb/+0 dagger of electrocution (13)]
  3282 | D:3      | Killed Ijyb
  3283 | D:3      | Reached XP level 7. HP: 2/40 MP: 0/11
  3407 | D:3      | Found a corrupted altar of Lugonu.
  3411 | D:3      | Found a hide-covered altar of Uskayaw.
  4520 | D:4      | Found a staircase to the Ecumenical Temple.
  4755 | Temple   | Entered the Ecumenical Temple
  5056 | Temple   | Became a worshipper of Cheibriados the Contemplative
  5276 | D:4      | Learned a level 3 spell: Vampiric Draining
  5356 | D:4      | Found Humi's Jewellery Shop.
  5364 | D:4      | Bought a cursed amulet of regeneration for 377 gold pieces
  5364 | D:4      | Bought a +6 ring of strength for 377 gold pieces
  5559 | D:5      | Entered Level 5 of the Dungeon
  5645 | D:5      | Found Bidoetoe's Antique Armour Emporium.
  5654 | D:5      | Bought a transparent chain mail for 313 gold pieces
  5654 | D:5      | Bought a runed medium shield for 247 gold pieces
  5664 | D:5      | Identified the +7 chain mail of the Gravedigger {rElec
                  | Int+2} (You bought it in a shop on level 5 of the Dungeon)
  5761 | D:5      | Noticed Blork the orc
  5772 | D:5      | Killed Blork the orc
  5773 | D:5      | Reached XP level 8. HP: 41/46 MP: 11/13
  5877 | D:5      | Reached skill level 1 in Necromancy
  5880 | D:5      | Reached skill level 5 in Dodging
  5958 | D:5      | Reached * piety under Cheibriados
  5964 | D:5      | Reached skill level 1 in Shields
  5970 | D:5      | Reached skill level 5 in Armour
  6105 | D:5      | Reached skill level 1 in Invocations
  6298 | D:5      | Reached skill level 5 in Maces & Flails
  6794 | D:6      | Reached ** piety under Cheibriados
  7002 | D:6      | Noticed a hippogriff
  7019 | D:6      | Killed a hippogriff
  7033 | D:6      | Noticed a troll
  7046 | D:6      | Killed a troll
  7047 | D:6      | Reached XP level 9. HP: 22/52 MP: 5/16
  8612 | D:6      | Reached skill level 1 in Slings
  8690 | D:6      | Reached skill level 5 in Spellcasting
  8753 | D:6      | Found Qelustrewk's Book Emporium.
  8950 | D:7      | Noticed a death knight
  8964 | D:7      | Killed a death knight
  9078 | D:7      | Noticed Duvessa
  9078 | D:7      | Noticed Dowan
  9085 | D:7      | Killed Duvessa
  9093 | D:7      | Killed Dowan
  9093 | D:7      | Reached *** piety under Cheibriados
  9103 | D:7      | Noticed Pikel
  9120 | D:7      | Killed Pikel
  9121 | D:7      | Reached skill level 5 in Fighting
  9121 | D:7      | Reached skill level 1 in Axes
  9121 | D:7      | Gained mutation: Your movements are less encumbered by
                  | armour. (ER -4) [Skeleton growth]
  9121 | D:7      | Reached XP level 10. HP: 49/59 MP: 13/18
  9250 | D:7      | Found a staircase to the Lair.
  9489 | D:8      | Reached skill level 5 in Shields
  9512 | D:8      | Noticed a catoblepas
  9538 | D:8      | Killed a catoblepas
  9771 | D:8      | Reached skill level 5 in Axes
  9880 | D:8      | Noticed Erica
  9892 | D:8      | Slain by Erica

Skill      XL: |  1  2  3  4  5  6  7  8  9 10 |
---------------+-------------------------------+-----
Maces & Flails | 2 3 4 6 7 |  7.1
Spellcasting   | 1 2 3 4 5 6 |  6.3
Armour         | 1 2 3 4 5 6 7 |  7.1
Stealth        | 4 |  4.2
Dodging        | 4 5 6 |  6.1
Fighting       | 2 3 4 5 |  5.3
Short Blades   | 1 2 3 |  3.3
Necromancy     | 2 4 |  4.6
Shields        | 3 4 5 |  5.4
Invocations    | 1 2 3 |  3.1
Slings         | 2 3 |  3.4
Axes           | 1 5 |  5.2
Throwing       | |  0.8

Action                   |  1- 3 |  4- 6 |  7- 9 | 10-12 || total
-------------------------+-------+-------+-------+-------++-------
Melee: Whip              |   150 |       |       |       ||   150
       Dagger            |    16 |   201 |   459 |       ||   676
       Morningstar       |       |    83 |   272 |       ||   355
       Broad axe         |       |       |    22 |    64 ||    86
 Fire: Blowgun           |     3 |       |     3 |       ||     6
       Fustibalus        |       |       |    22 |     2 ||    24
Throw: Javelin           |       |       |     5 |       ||     5
       Tomahawk          |       |       |    12 |     5 ||    17
Evoke: Wand              |       |       |       |     1 ||     1
  Use: Scroll            |       |     3 |     9 |     3 ||    15
 Stab: Sleeping          |     6 |     4 |       |       ||    10
Armor: Robe              |    46 |    33 |       |       ||    79
       Chain mail        |       |   114 |   516 |    59 ||   689
Dodge: Dodged            |   105 |   162 |   272 |    28 ||   567
Block: Medium shield     |       |       |   277 |    78 ||   355
